 Dungeon Crawl Stone Soup version 0.25.1-2-g60ff931df9 (webtiles) character file.

Game seed: 8050223655515621365

602 funkygono the Conjurer (level 7, -5/48 HPs)
             Began as a Demonspawn Conjurer on Nov 1, 2020.
             Was a Believer of Sif Muna.
             Shot with an arrow by a centaur (11 damage)
             ... on level 5 of the Dungeon.
             The game lasted 00:11:11 (5262 turns).

funkygono the Conjurer (Demonspawn Conjurer)        Turns: 5262, Time: 00:11:11

Health: -5/48      AC:  6    Str:  9    XL:     7   Next: 18%
Magic:  6/14       EV: 13    Int: 18    God:    Sif Muna [**....]
Gold:   191        SH:  0    Dex: 13    Spells: 12/15 levels left

rFire    . . .     SeeInvis .   d - +0 club
rCold    . . .     Gourm    .   (no shield)
rNeg     . . .     Faith    .   a - +0 robe
rPois    .         Spirit   .   (helmet restricted)
rElec    .         Reflect  .   f - +0 cloak
rCorr    +         Harm     .   n - +0 pair of gloves
MR       .....                  o - +1 pair of boots
Stlth    ++........             (no amulet)
HPRegen  0.16/turn              e - ring of resist corrosion
MPRegen  0.14/turn              (no ring)

@: studying Bows
A: antennae 1, rot immunity
a: Channel Magic, Renounce Religion


You were on level 5 of the Dungeon.
You worshipped Sif Muna.
Sif Muna was pleased with you.
You were not hungry.

You visited 2 branches of the dungeon, and saw 6 of its levels.

You collected 191 gold pieces.

Inventory:

Hand Weapons
 d - a +0 club (weapon)
Missiles
 g - 131 stones (quivered)
Armour
 a - a +0 robe (worn)
 f - a +0 cloak (worn)
 n - a +0 pair of gloves (worn)
 o - a +1 pair of boots (worn)
Magical Staves
 k - an uncursed staff of cold
Jewellery
 e - a ring of resist corrosion (left hand)
Wands
 m - a wand of paralysis (4)
 r - a wand of clouds (8)
Scrolls
 b - a scroll of remove curse
 h - 2 scrolls of identify
 l - 3 scrolls of magic mapping
Potions
 i - a potion of degeneration
 j - 2 potions of stabbing
 p - a potion of heal wounds
Books
 t - a manual of Bows
Comestibles
 c - 2 rations
 q - 2 chunks of flesh


   Skills:
 + Level 1.0 Fighting
 + Level 1.4 Maces & Flails
 + Level 2.9 Dodging
 - Level 1.7 Stealth
 + Level 4.9 Spellcasting
 + Level 6.2 Conjurations


You had 12 spell levels left.
You knew the following spells:

 Your Spells              Type           Power        Failure   Level  Hunger
a - Magic Dart            Conj           ####         1%          1    None
b - Searing Ray           Conj           ####..       1%          2    #......

Your spell library contained the following spells:

 Spells                   Type           Power        Failure   Level  Hunger
 Dazzling Flash           Conj/Hex       ###...       11%         3    ###....
 Animate Skeleton         Necr           N/A          14%         1    None
 Apportation              Tloc           #.....       14%         1    None
 Corona                   Hex            #......      14%         1    None
 Summon Small Mammal      Summ           #...         14%         1    None
 Fulminant Prism          Conj/Hex       ###.......   36%         4    ####...
 Iskenderun's Mystic Bla  Conj/Tloc      ###.....     36%         4    ####...


Dungeon Overview and Level Annotations

Branches:
Dungeon (5/15)             Temple (1/1) D:4

Altars:
Ashenzari
Cheibriados
Dithmenos
Elyvilon
Fedhas
Gozag
Hepliaklqana
Kikubaaqudgha
Makhleb
Ru
Sif Muna
Uskayaw
Vehumet
Wu Jian
Xom
Yredelemnul
Zin
The Shining One


Innate Abilities, Weirdness & Mutations

You have a pair of small antennae on your head.
You are immune to rotting.


Message History

You see here an arrow.
The centaur shoots an arrow.
The arrow closely misses you.
Casting: Magic Dart (safe; 1% risk of failure)
Confirm with . or Enter, or press ? or * to list all spells.
Aiming: Magic Dart (safe; 1% risk of failure)
Press: ? - help, Shift-Dir - straight line, f/p - centaur
Aim: a centaur, wielding a +0 shortbow and quivering 4 arrows (moderately wounded)
The magic dart hits the centaur.
The centaur is heavily wounded.
The centaur shoots an arrow.
The arrow hits you.
* * * LOW HITPOINT WARNING * * *
Casting: Magic Dart (safe; 1% risk of failure)
Confirm with . or Enter, or press ? or * to list all spells.
Aiming: Magic Dart (safe; 1% risk of failure)
Press: ? - help, Shift-Dir - straight line, f/p - centaur
Aim: a centaur, wielding a +0 shortbow and quivering 3 arrows (moderately wounded)
The magic dart hits the centaur.
The centaur is heavily wounded.
The centaur shoots an arrow.
The arrow hits you!
You die...

..#...............###.##.
####.....................
.................<..c....
..##..###......(.........
. #####.................
###.........<.....#
#.......[..>.....##
#....#...(.$...####
#.....##...((@...# ..##.#
#........## .. #.
#............ ..
#...###.....# #.###
......# ... ....... ...?
..#...# ... ####..#


You could see a centaur.

Vanquished Creatures
  A scorpion (D:5)
  A crimson imp (D:5)
  A centaur zombie (D:5)
  A bullfrog zombie (D:4)
  An orc priest (D:4)
  A centaur skeleton (D:4)
  A hound (D:4)
  2 orc wizards (D:4)
  Ijyb (D:5)
  2 worker ants (D:4)
  3 hound skeletons
  A hound zombie (D:3)
  A howler monkey skeleton (D:3)
  7 adders
  A shadow imp (D:5)
  An ooze (D:4)
  An adder skeleton (D:5)
  An adder zombie (D:3)
  A worm (D:4)
  A leopard gecko (D:5)
  5 orcs (D:4)
  6 giant cockroaches
  9 goblins
  6 hobgoblins
  6 jackals
  A quokka (D:2)
  3 ball pythons
  A ball python skeleton (D:3)
  10 bats
  3 frilled lizards
  A giant cockroach zombie (D:4)
  A jackal skeleton (D:4)
  A jackal zombie (D:3)
  2 kobolds (D:1)
  3 leopard gecko skeletons
  A quokka zombie (D:3)
  6 rats
95 creatures vanquished.

Notes
Turn   | Place    | Note
-------+----------+-------------------------------------------
     0 | D:1      | funkygono the Demonspawn Conjurer began the quest for the
                  | Orb.
     0 | D:1      | Reached XP level 1. HP: 13/13 MP: 3/3
   433 | D:1      | Gained mutation: You have a pair of small antennae on your
                  | head. [demonic ancestry]
   433 | D:1      | Reached XP level 2. HP: 19/19 MP: 0/5
   437 | D:1      | Learned a level 2 spell: Searing Ray
  1059 | D:2      | Reached XP level 3. HP: 19/24 MP: 0/6
  1358 | D:2      | You fall into a shaft and drop 2 floors!
  1401 | D:4      | Found the +10 zealot's sword {holy, *Rage rN+ EV+3}
  1410 | D:4      | Found a staircase to the Ecumenical Temple.
  1416 | Temple   | Entered the Ecumenical Temple
  1645 | Temple   | Became a worshipper of Sif Muna the Loreminder
  1948 | D:3      | Gained mutation: You are immune to rotting. [demonic
                  | ancestry]
  1948 | D:3      | Reached XP level 4. HP: 30/30 MP: 1/8
  2665 | D:3      | HP: 1/30 [poisoned by an adder]
  2983 | D:3      | Reached skill level 5 in Conjurations
  2992 | D:3      | Reached * piety under Sif Muna
  3117 | D:3      | Reached XP level 5. HP: 35/35 MP: 8/10
  3745 | D:4      | Reached skill level 1 in Maces & Flails
  3824 | D:4      | Reached XP level 6. HP: 24/41 MP: 9/12
  4806 | D:5      | Entered Level 5 of the Dungeon
  4865 | D:5      | Noticed Ijyb
  4873 | D:5      | Paralysed by Ijyb for 3 turns
  4877 | D:5      | Killed Ijyb
  4918 | D:5      | Reached ** piety under Sif Muna
  4918 | D:5      | Reached skill level 6 in Conjurations
  5000 | D:5      | Reached XP level 7. HP: 47/47 MP: 3/14
  5088 | D:5      | Reached skill level 1 in Fighting
  5262 | D:5      | Shot with an arrow by a centaur

Illustrated notes

Levels and vault maps discovered:
D:1:      scummos_arrival_hexagon, layout_rooms, kennysheep_doodads,
          st_stairs_10, minmay_pentomino_p2
D:2:      layout_basic
D:3:      layout_basic, first_ration, serial_undead, serial_undead_d,
          serial_undead_a, serial_undead_d, serial_undead_e, serial_undead_f,
          serial_undead_f
D:4:      minmay_opposing_rooms, layout_basic, minmay_temple_entry_waves,
          minmay_manual_macuahuitl
D:5:      layout_cave_pools, uniq_ijyb
Temple:   dpeg_five_rooms_temple

Skill      XL: |  1  2  3  4  5  6  7 |
---------------+----------------------+-----
Dodging        | 2 |  2.9
Spellcasting   | 3 4 |  4.9
Conjurations   | 5 6 |  6.2
Maces & Flails | 1 |  1.4
Fighting       | 1 |  1.0
Stealth        | |  1.7

Action                   |  1- 3 |  4- 6 |  7- 9 || total
-------------------------+-------+-------+-------++-------
Melee: Club              |    22 |    36 |       ||    58
       Unarmed           |     3 |       |       ||     3
       Staff             |     1 |       |       ||     1
 Cast: Magic Dart        |    69 |    85 |    16 ||   170
       Searing Ray       |     3 |    29 |     2 ||    34
  Use: Scroll            |     2 |    10 |       ||    12
       Potion            |       |     1 |       ||     1
  Eat: Chunk             |     3 |    11 |     1 ||    15
Armor: Robe              |    11 |    19 |     2 ||    32
Dodge: Dodged            |    36 |    58 |     2 ||    96
